 Dungeon Crawl Stone Soup version 0.30-a0-800-g7c544603b3 (webtiles) character file.

Game seed: 1923087009327752058

933 ders the Magician (level 8, -9/50 HPs)
             Began as a Djinni Conjurer on Feb 22, 2023.
             Shot with an arrow by a centaur (13 damage)
             ... on level 6 of the Dungeon.
             The game lasted 00:05:13 (4961 turns).

ders the Magician (Djinni Conjurer)                 Turns: 4961, Time: 00:05:13

Health: -9/50      AC:  2    Str:  6    XL:     8   Next: 33%
Gold:   208        EV: 12    Int: 22    God:
                   SH:  0    Dex: 12

rFire   + + .      SeeInvis .    n - +2 sling (drain)
rCold   x . .      Faith    .    (no shield)
rNeg    . . .      Spirit   .    a - +0 robe
rPois   ∞          Reflect  .    (no helmet)
rElec   .          Harm     .    (no cloak)
rCorr   .          Rampage  .    (no gloves)
Will    .....                    (boots unavailable)
Stlth   ++                       (no amulet)
HPRegen 0.28/turn                (no ring)
MPRegen 0.00/turn                (no ring)

@: flying, very slightly contaminated
A: sickness immunity, fire resistance 2, cold vulnerability 1, float, innate
caster, HP casting, extra vitality 1
a: no special abilities


You were on level 6 of the Dungeon.
You visited 1 branch of the dungeon, and saw 6 of its levels.

You collected 208 gold pieces.

Inventory:

Hand Weapons
 n - a +2 sling of draining (weapon)
Armour
 a - a +0 robe (worn)
Jewellery
 p - a +6 ring of strength
Scrolls
 b - 2 scrolls of noise {unknown}
 c - 3 scrolls of immolation
 h - a scroll of poison
 i - 5 scrolls of teleportation
 q - a scroll of enchant weapon {unknown}
 s - a scroll of magic mapping {unknown}
 t - a scroll of summoning {unknown}
 v - a scroll of brand weapon {unknown}
Potions
 d - 5 potions of curing
 e - 3 potions of ambrosia
 f - a potion of haste {unknown}
 g - 2 potions of attraction {unknown}
 j - 2 potions of mutation {unknown}
 k - a potion of resistance {unknown}
 l - a potion of flight {unknown}
 m - 2 potions of heal wounds {unknown}
 o - a potion of degeneration {unknown}
 r - a potion of brilliance {unknown}
 u - a potion of might {unknown}


   Skills:
 - Level 2.1 Dodging
 - Level 1.5 Stealth
 + Level 7.7 Spellcasting


You knew the following spells:

 Your Spells              Type           Power      Damage    Failure   Level
a - Magic Dart            Conj           100%       1d8       1%          1
b - Scorch                Fire           84%        2d9       1%          2
c - Dazzling Flash        Conj/Hex       84%        N/A       1%          3
d - Fulminant Prism       Conj/Hex       21%        3d12      3%          4
e - Iskenderun's Mystic   Conj/Tloc      42%        2d10      3%          4
f - Summon Small Mammal   Summ           100%       N/A       1%          1
g - Momentum Strike       Conj/Tloc      84%        3d10      1%          2
h - Searing Ray           Conj           84%        2d7       1%          2
Your spell library was empty.

Dungeon Overview and Level Annotations

Branches:
Dungeon (6/15)
 Temple: D:4-7

Altars:


Innate Abilities, Weirdness & Mutations

You are immune to sickness and miasma.
You are immune to poison.
Your flesh is very heat resistant. (rF++)
You are vulnerable to cold. (rC-)
You float through the air rather than walking.
You learn spells naturally, not from books.
Your magical power is your life essence.
You have superior vitality. (+4 MHP)


Message History

It bursts into flame!
The centaur shoots an arrow.
The arrow hits you.
Casting: Scorch (safe; 1% risk of failure)
Confirm with . or Enter, or press ? or * to list all spells.
You can't see any susceptible monsters within range! (Use Z to cast anyway.)
Casting: Scorch (safe; 1% risk of failure)
Confirm with . or Enter, or press ? or * to list all spells.
You can't see any susceptible monsters within range! (Use Z to cast anyway.)
You shoot a sling bullet.
The sling bullet barely misses the centaur.
The centaur shoots an arrow.
The arrow hits you! The arrow burns you.
The centaur shoots an arrow.
The arrow hits you.
The centaur shoots an arrow.
The arrow hits you!
* * * LOW HITPOINT WARNING * * *
The arrow burns you.
* * * LOW HITPOINT WARNING * * *
You are too injured to fight recklessly!
The centaur shoots an arrow.
The arrow hits you!
* * * LOW HITPOINT WARNING * * *
You fly upwards.
There is a stone staircase leading down here.
You start resting.
HP restored.
You fly downwards.
The centaur shoots an arrow.
The arrow misses you.
There is a stone staircase leading up here.
Casting: Scorch (safe; 1% risk of failure)
Confirm with . or Enter, or press ? or * to list all spells.
Aiming: Fulminant Prism (dangerous; 3% risk of failure)
Press: ? - help, Dir - move target You miscast Fulminant Prism.
You are very lightly contaminated with residual magic.
You feel a strange surge of energy!
The centaur shoots an arrow.
The arrow hits you! The arrow burns you.
The centaur shoots an arrow.
The arrow hits you!
* * * LOW HITPOINT WARNING * * *
The arrow burns you.
* * * LOW HITPOINT WARNING * * *
The centaur shoots an arrow.
The arrow hits you!
* * * LOW HITPOINT WARNING * * *
The centaur shoots an arrow.
The arrow hits you!
You die...

.# .# .# c# .
.####.. .......
.#.#####......#
.......@[.....#
...########...#
#


You could see a centaur.

Vanquished Creatures
  Menkaure (D:5)
  An ice beast (D:5)
  A sky beast (D:5)
  A black bear (D:4)
  An ogre (D:4)
  A necrophage (D:5)
  2 hounds
  A jelly (D:4)
  4 iguanas
  10 adders
  A white imp (D:5)
  2 ufetubi (D:5)
  A worm (D:4)
  3 dart slugs
  4 orcs
  3 endoplasms
  2 giant cockroaches
  8 goblins
  10 hobgoblins
  12 jackals
  8 kobolds
  4 quokkas
  10 ball pythons
  3 bats
  4 frilled lizards
  8 rats
106 creatures vanquished.

Vanquished Creatures (others)
  4 fulminant prisms (D:4)
4 creatures vanquished.

Grand Total: 110 creatures vanquished

Notes
Turn   | Place    | Note
-------+----------+-------------------------------------------
     0 | D:1      | ders the Djinni Conjurer began the quest for the Orb.
     0 | D:1      | ders set off with the following spells memorised: Magic
                  | Dart, Searing Ray, Dazzling Flash, Fulminant Prism,
                  | Iskenderun's Mystic Blast.
     0 | D:1      | Reached XP level 1. HP: 15/15 MP: 0/0
    44 | D:1      | Reached XP level 2. HP: 17/21 MP: 0/0
   357 | D:1      | Reached XP level 3. HP: 15/25 MP: 0/0
   357 | D:1      | Learned a level 1 spell: Summon Small Mammal
   600 | D:1      | Reached skill level 4 in Spellcasting
   644 | D:1      | Found a faded altar of an unknown god.
  1158 | D:2      | Reached XP level 4. HP: 27/31 MP: 0/0
  2202 | D:3      | Reached XP level 5. HP: 29/35 MP: 0/0
  2202 | D:3      | Learned a level 2 spell: Momentum Strike
  2751 | D:4      | Reached skill level 5 in Spellcasting
  3038 | D:4      | Noticed an ogre
  3044 | D:4      | Killed an ogre
  3045 | D:4      | Reached XP level 6. HP: 33/40 MP: 0/0
  3131 | D:4      | Noticed a black bear
  3140 | D:4      | Killed a black bear
  3141 | D:4      | Reached skill level 6 in Spellcasting
  3301 | D:4      | Reached XP level 7. HP: 30/45 MP: 0/0
  3301 | D:4      | Learned a level 2 spell: Scorch
  3737 | D:5      | Entered Level 5 of the Dungeon
  4121 | D:5      | Reached skill level 7 in Spellcasting
  4329 | D:5      | Reached XP level 8. HP: 46/50 MP: 0/0
  4488 | D:5      | Noticed Menkaure
  4492 | D:5      | Killed Menkaure
  4782 | D:6      | HP: 1/50 [centaur/arrow (9)]
  4961 | D:6      | Shot with an arrow by a centaur

Illustrated notes

Levels and vault maps discovered:
D:1:      saegor_arrival_simple_b, layout_basic,
          hellmonk_ecumenical_altar_run_dry
D:2:      layout_basic, st_stairs_13, supply_closet_lemuel
D:3:      layout_basic
D:4:      layout_loops_ring, gup_sewer_entry_bubbles
D:5:      layout_basic, uniq_menkaure
D:6:      layout_loops_ring

Skill      XL: |  1  2  3  4  5  6  7 |
---------------+----------------------+-----
Spellcasting   | 4 5 6 7 |  7.7
Dodging        | |  2.1
Stealth        | |  1.5

Action                     |  1- 3 |  4- 6 |  7- 9 || total
---------------------------+-------+-------+-------++-------
  Melee: Unarmed           |     2 |       |       ||     2
   Fire: Sling             |       |    22 |    34 ||    56
   Cast: Magic Dart        |    71 |    53 |     4 ||   128
         Searing Ray       |     6 |    11 |       ||    17
         Fulminant Prism   |       |     4 |       ||     4
         Iskenderun's Myst |       |     1 |     1 ||     2
         Scorch            |       |       |    29 ||    29
    Use: Scroll            |       |     4 |       ||     4
 Armour: Robe              |       |     3 |     4 ||     7
  Dodge: Dodged            |     9 |     8 |    10 ||    27

Table legend: (Time is in decaauts)
 A = Elapsed time spent in this place.
 B = Non-inter-level travel time spent in this place.
 C = Inter-level travel time spent in this place.
 D = Time resting spent in this place.
 E = Time spent auto-exploring this place.
 F = Levels seen in this place.
 G = Mean time per level.
                   A        B        C        D        E       F      G
               +--------+--------+--------+--------+--------+-----+--------+
         Total |   4984 |   4767 |    217 |    653 |   3587 |   6 |  830.7 |
       Dungeon |   4984 |   4767 |    217 |    653 |   3587 |   6 |  830.7 |
               +--------+--------+--------+--------+--------+-----+--------+

Top non-repeatable levels by time:
     D:5: 1209 daAuts
     D:2: 1034 daAuts
     D:4: 1019 daAuts
     D:3: 933 daAuts
     D:1: 780 daAuts
     D:6: 8 daAuts
